 Dungeon Crawl Stone Soup version 0.29.1-12-g30fa7ad0bf (webtiles) character file.

Game seed: 12798210800914497196

66 bobo the Ruffian (level 3, -1/30 HPs)
             Began as a Draconian Transmuter on Jan 18, 2023.
             Slain by Terence
             ... wielding a +0 morningstar
              (8 damage)
             ... on level 2 of the Dungeon.
             The game lasted 00:02:47 (1028 turns).

bobo the Ruffian (Draconian Transmuter)             Turns: 1028, Time: 00:02:47

Health: -1/30      AC:  6    Str: 20    XL:     3   Next: 96%
Magic:  6/6        EV: 12    Int: 13    God:
Gold:   95         SH:  0    Dex: 11    Spells: 3/6 levels left

rFire   . . .      SeeInvis .     - Unarmed
rCold   . . .      Faith    .   (no shield)
rNeg    . . .      Spirit   .   (body armour unavailable)
rPois   .          Reflect  .   (helmet restricted)
rElec   .          Harm     .   (no cloak)
rCorr   .          Rampage  .   (no gloves)
Will    .....                   h - +0 pair of boots
Stlth   ++........              (no amulet)
HPRegen 0.10/turn               k - +6 ring of strength
MPRegen 0.10/turn               (no ring)

@: no status effects
A: AC +5, unfitting armour, cold-blooded
a: no special abilities


You were on level 2 of the Dungeon.
You visited 1 branch of the dungeon, and saw 2 of its levels.

You collected 95 gold pieces.

Inventory:

Armour
 h - a +0 pair of boots (worn)
Jewellery
 k - a +6 ring of strength (left hand)
Scrolls
 d - a scroll of vulnerability {unknown}
 f - a scroll of torment {unknown}
 j - a scroll of silence {unknown}
Potions
 a - 2 potions of lignification
 b - 2 potions of curing
 c - a potion of flight {unknown}
 e - a potion of cancellation {unknown}
 g - 2 potions of mutation {unknown}
 i - a potion of berserk rage {unknown}


   Skills:
 * Level 2.7 Fighting
 + Level 2.3 Dodging
 + Level 1.3 Stealth
 + Level 3.4 Unarmed Combat
 - Level 2.0 Spellcasting
 - Level 2.0 Transmutations


You had 3 spell levels left.
You knew the following spells:

 Your Spells              Type           Power      Damage    Failure   Level
a - Beastly Appendage     Tmut           12%        N/A       11%         1
z - Wereblood             Tmut           6%         N/A       17%         2

Your spell library contained the following spells:

 Spells                   Type           Power      Damage    Failure   Level
 Spider Form              Tmut/Pois      3%         N/A       45%         3
 Portal Projectile        Hex/Tloc       2%         N/A       58%         3
 Tukima's Dance           Hex            1%         N/A       58%         3
 Ice Form                 Ice/Tmut       3%         N/A       86%         4
 Blade Hands              Tmut           3%         N/A       97%         5


Dungeon Overview and Level Annotations

Branches:
Dungeon (2/15)

Altars:
Cheibriados

Annotations:
D:2 Terence


Innate Abilities, Weirdness & Mutations

Your plain brown scales are hard. (AC +5)
You cannot fit into any form of body armour.
You are cold-blooded and may be slowed by cold attacks.


Message History

Your movement speed is average.
Your attack delay is about 0.9.
Your base attributes are Str 14, Int 13, Dex 11.
You now have 95 gold pieces (gained 9).
Terence the Incautious comes into view.
He is wielding a +0 morningstar and wearing a +1 chain mail of poison resistance.
Casting: Beastly Appendage (safe; 11% risk of failure)
Confirm with . or Enter, or press ? or * to list all spells.
You miscast Beastly Appendage.
You are very lightly contaminated with residual magic.
Nothing appears to happen.
Terence shouts!
You hit Terence.
Terence is moderately wounded.
Terence hits you with a +0 morningstar.
You hit Terence.
Terence is moderately wounded.
Terence hits you with a +0 morningstar.
You hit Terence but do no damage.
Terence is moderately wounded.
Terence closely misses you.
You completely miss Terence.
Terence is moderately wounded.
Terence misses you.
You barely miss Terence.
Terence is moderately wounded.
Terence hits you with a +0 morningstar!
You hit Terence.
Terence is heavily wounded.
Terence hits you with a +0 morningstar.
You hit Terence.
Terence is severely wounded.
Terence closely misses you.
Your magical contamination has completely faded away.
You hit Terence.
Terence is almost dead.
Terence hits you with a +0 morningstar.
* * * LOW HITPOINT WARNING * * *
You hit Terence but do no damage.
Terence is almost dead.
Terence hits you with a +0 morningstar!
You die...

....# #.#
###.#####.#####
#...........###
##..............
#.###.####.####
#.# #.# #.# #.#
#.# ..# #.# #.#
#@## ####.# #.#
##@# .....# #.#
#.## ########.#
#.#.## #..##
####.# #..... #.#
#### #.# #.# ##.#
...####.# #.###.##
##......# #....#
#######.######.#.#


You could see Terence.

Vanquished Creatures
  Natasha (D:2)
  2 adders (D:2)
  4 ball pythons
  3 endoplasms
  2 giant cockroaches (D:2)
  3 goblins
  A hobgoblin (D:1)
  A bat (D:2)
  A frilled lizard (D:2)
  3 kobolds
  2 rats (D:2)
23 creatures vanquished.

Notes
Turn   | Place    | Note
-------+----------+-------------------------------------------
     0 | D:1      | bobo the Draconian Transmuter began the quest for the Orb.
     0 | D:1      | Reached XP level 1. HP: 16/16 MP: 3/3
    13 | D:1      | Noticed an electric eel
   277 | D:1      | You fall into a shaft and drop 1 floor!
   300 | D:2      | Reached XP level 2. HP: 8/24 MP: 1/5
   569 | D:2      | Learned a level 2 spell: Wereblood
   716 | D:2      | Noticed Natasha
   725 | D:2      | Killed Natasha
   726 | D:2      | Reached skill level 1 in Stealth
   726 | D:2      | Reached XP level 3. HP: 27/30 MP: 4/6
   763 | D:2      | Found a snail-covered altar of Cheibriados.
  1018 | D:2      | Noticed Terence
  1028 | D:2      | Slain by Terence

Illustrated notes

Levels and vault maps discovered:
D:1:      arrival_aquarium_a, layout_rooms, amethyst_killhole
D:2:      layout_loops_ring, basic_altar, minmay_surrounded, uniq_terence,
          uniq_sigmund, uniq_natasha

Skill      XL: |  1  2 |
---------------+-------+-----
Dodging        | 2 |  2.3
Fighting       | 2 |  2.7
Stealth        | 1 |  1.3
Unarmed Combat | |  3.4
Spellcasting   | |  2.0
Transmutations | |  2.0

Action                   || total
-------------------------++-------
Melee: Unarmed           ||    68
       Tailslap          ||     9
       Kick              ||     7
       Headbutt          ||     6
 Cast: Beastly Appendage ||    15
  Use: Potion            ||     1
Armor: Skin              ||    19
Dodge: Dodged            ||    41
